 Dungeon Crawl Stone Soup version 0.31.0-2-g5a2aebc5c2 (webtiles) character file.

Game seed: 7942401640309961202

1974 bpung the Mimic (level 9, -1/65 (69) HPs)
             Began as a Merfolk Shapeshifter on Jan 20, 2024.
             Was a Believer of Trog.
             Slain by a wight
             ... wielding a +5 hand axe
              (9 damage)
             ... on level 6 of the Dungeon.
             The game lasted 00:15:16 (5894 turns).

bpung the Mimic (Merfolk Shapeshifter)              Turns: 5894, Time: 00:15:16

HP:   -1/65 (69)    AC:  9    Str: 22    XL:     9   Next: 20%
MP:   9/9           EV: 11    Int:  6    God:    Trog [**....]
Gold: 345           SH:  0    Dex: 13    Spells: 8/8 levels left

rFire   + .          .
                       - Unarmed
rCold   . . .        (no shield)
rNeg    + . .        h - +1 chain mail
rPois   .            (helmet currently unavailable)
rElec   .            (cloak currently unavailable)
rCorr   .            (gloves currently unavailable)
SInv    .            (boots currently unavailable)
Will    .....        (no amulet) Stlth
                     i - ring of positive energy
HPRegen 0.30/turn    k - ring of flight
MPRegen 0.11/turn

%: no passive effects
@: beast-form, flying, drained
A: beast (slay +4), (nimble swimmer 2), mertail, dopey 1, fire resistance 1,
high MP 1, strong 1
a: Begin Untransformation, Renounce Religion, Berserk, Trog's Hand


You were on level 6 of the Dungeon.
You worshipped Trog.
Trog was pleased with you.
You were a hulking beast.
You visited 1 branch of the dungeon, and saw 6 of its levels.
You also visited: Sewer and Ossuary.

You collected 345 gold pieces.

Inventory:

Hand Weapons
 g - a +1 whip of freezing
 q - a +2 heavy falchion
Missiles
 b - 8 poisoned darts (quivered)
 r - 6 boomerangs
Armour
 h - a +1 chain mail (worn)
 o - the +0 pair of gloves "Manel" {Harm *Slow Fly rPois}
   (You found it on level 4 of the Dungeon)

   rPois:     It protects you from poison Fly: It grants you flight.
   *Slow:     It may slow you when you take damage.
   Harm:      It increases damage dealt and taken.
Jewellery
 i - a ring of positive energy (left hand)
 k - a ring of flight (right hand)
Talismans
 a - a serpent talisman
 c - a beast talisman (active)
 d - a flux talisman
Scrolls
 f - 3 scrolls of teleportation
 l - a scroll of fear
 m - 8 scrolls of identify
 n - 2 scrolls of enchant weapon
Potions
 e - a potion of berserk rage
 j - 4 potions of curing


   Skills:
 + Level 5.8 Fighting
 + Level 7.4 Dodging
 + Level 6.6 Unarmed Combat
 * Level 9.6 Shapeshifting


You had 8 spell levels left.
You didn't know any spells.
Your spell library was empty.

Dungeon Overview and Level Annotations

Branches:
Dungeon (6/15)             Temple (0/1) D:5           Sewer (visited)
Ossuary (visited)

Altars:
Trog

Shops:
D:3 ?   D:6 (


Innate Abilities, Weirdness & Mutations

You are a hulking beast.
Your limbs bulge with bestial killing power. (Slay +4)
((You are very nimble when in or above water. (Stealth+, EV+, Speed+++)))
Your lower body shifts to a powerful aquatic tail in water.
You are dopey. (Int -2)
Your flesh is heat resistant. (rF+)
You have an increased reservoir of magic. (+10% MP)
Your muscles are strong. (Str +4, Int/Dex -1)


Message History

Trog accepts your kill.
You feel sick.
A wight comes into view. It is wielding a +5 hand axe.
You feel sick.
You are no longer poisoned.
The wight hits you but does no damage.
You barely miss the wight.
The wight hits you with a +0 long sword.
You closely miss the wight. You punch the wight.
The wight is lightly damaged.
The wight hits you with a +0 long sword!
You hit the wight.
The wight is moderately damaged.
You hit the wight.
The wight is moderately damaged.
You barely miss the wight. The wight barely misses you.
The wight hits you but does no damage.
You punch the wight!
You destroy the wight!
Trog accepts your kill.
A wight comes into view. It is wielding a +3 short sword.
The wight hits you with a +0 mace!
* * * LOW HITPOINT WARNING * * *
You partially resist.
You feel drained.
* * * LOW HITPOINT WARNING * * *
You hit the wight.
The wight is lightly damaged.
The wight hits you with a +5 hand axe!
* * * LOW HITPOINT WARNING * * *
The wight hits you but does no damage.
You closely miss the wight.
The wight is lightly damaged.
The wight closely misses you.
The wight hits you but does no damage. x2
Unknown command.
The wight hits you but does no damage. The wight misses you.
The wight hits you with a +0 mace.
* * * LOW HITPOINT WARNING * * *
You partially resist.
You feel drained. The wight attacks as it pursues you!
The wight hits you with a +5 hand axe!
You die...

..# .# ..# ?.# .# ... .... ..
..# z...#####.# ..###. . <.....
.# . ...... ... ..!##.# ..
..#.........###)...# ... .##
#..........zz.######## .... .#
#...#######zh........##..... .#
#.............###...........
.#.[#...#...........∩......##.#
........#..................#
...# #.........†##.......#
...#####.)..................#
.................###........#
.....#####)......# #..........
..##..####..#.##.# #...........


You could see 3 wights.

Vanquished Creatures
  2 water moccasins
  An ice beast (D:5)
  A crocodile (Sewer)
  2 phantoms (D:4)
  An ogre (D:6)
  A brain worm (Sewer)
  2 bullfrogs (D:6)
  2 wights (D:6)
  A burial acolyte (Ossuary)
  5 water moccasin zombies (Ossuary)
  2 howler monkeys
  2 orc priests (D:4)
  A bombardier beetle (D:5)
  5 hounds
  A spectral scorpion (Ossuary)
  3 iguanas
  An orc wizard (D:4)
  2 crocodile zombies (Ossuary)
  2 mummies (Ossuary)
  A gnoll (D:1)
  A river rat (D:3)
  9 adders
  A shadow imp (D:6)
  2 white imps (D:5)
  2 adder zombies (Ossuary)
  3 dart slugs
  A ribbon worm (D:2)
  7 orcs
  13 bats
  4 endoplasms
  4 giant cockroaches
  10 gnoll zombies (Ossuary)
  6 goblins
  6 hobgoblins
  6 jackals
  4 quokkas
  3 ball pythons
  2 frilled lizards (D:1)
  3 jackal zombies (Ossuary)
  5 kobolds
  3 orc zombies (Ossuary)
  8 rats
141 creatures vanquished.

Notes
Turn   | Place    | Note
-------+----------+-------------------------------------------
     0 | D:1      | bpung the Merfolk Shapeshifter began the quest for the Orb.
     0 | D:1      | Reached XP level 1. HP: 15/15 MP: 1/1
    96 | D:1      | Reached XP level 2. HP: 12/21 MP: 2/2
   655 | D:1      | Reached XP level 3. HP: 27/27 MP: 3/3
   990 | D:2      | Reached XP level 4. HP: 22/33 MP: 4/4
  1254 | D:2      | Found a bloodstained altar of Trog.
  1283 | D:2      | Became a worshipper of Trog the Wrathful
  1546 | D:3      | Reached skill level 5 in Shapeshifting
  1595 | D:3      | Found a glowing drain.
  1599 | Sewer    | Entered a sewer
  1608 | Sewer    | Reached XP level 5. HP: 36/39 MP: 5/5
  1648 | Sewer    | Noticed a crocodile
  1663 | Sewer    | Killed a crocodile
  1663 | Sewer    | Reached * piety under Trog
  1664 | Sewer    | Reached XP level 6. HP: 23/47 MP: 6/6
  1901 | D:3      | Found Waul's Magic Scroll Shoppe.
  2378 | D:4      | Reached skill level 6 in Shapeshifting
  2716 | D:4      | Reached XP level 7. HP: 36/52 MP: 7/7
  2990 | D:4      | Reached skill level 5 in Dodging
  3127 | D:4      | Reached skill level 5 in Unarmed Combat
  3257 | D:4      | Identified the +0 pair of gloves "Manel" {Harm *Slow Fly
                  | rPois}
  3437 | D:4      | Reached skill level 7 in Shapeshifting
  3726 | D:5      | Entered Level 5 of the Dungeon
  3939 | D:5      | Reached XP level 8. HP: 42/61 MP: 8/8
  3955 | D:5      | Reached ** piety under Trog
  4306 | D:5      | Found a sand-covered staircase.
  4316 | Ossuary  | Entered an ossuary
  4339 | Ossuary  | Reached skill level 8 in Shapeshifting
  4569 | Ossuary  | Reached skill level 5 in Fighting
  4897 | D:5      | Gained mutation: You are dopey. (Int -2) [potion of
                  | mutation]
  4897 | D:5      | Gained mutation: Your muscles are strong. (Str +4, Int/Dex
                  | -1) [potion of mutation]
  4897 | D:5      | Gained mutation: Your flesh is heat resistant. (rF+)
                  | [potion of mutation]
  4897 | D:5      | Gained mutation: You have an increased reservoir of magic.
                  | (+10% MP) [potion of mutation]
  5213 | D:5      | Found a staircase to the Ecumenical Temple.
  5538 | D:6      | Reached skill level 9 in Shapeshifting
  5700 | D:6      | HP: 3/63 [adder (2)]
  5701 | D:6      | Reached XP level 9. HP: 4/68 MP: 9/9
  5827 | D:6      | Found Jiwah's Weapon Shoppe.
  5894 | D:6      | Slain by a wight

Illustrated notes

Levels and vault maps discovered:
D:1:      psy_arrival_heroes, layout_basic
D:2:      layout_rooms, basic_altar
D:3:      layout_rooms, gup_sewer_entry_spiral, serial_shops,
          nicolae_shop_hallway_plus, chequers_hall_statues_wall_a
D:4:      layout_cave_pods
D:5:      layout_loops_ring, minmay_temple_entry_statues_fountains,
          mainiacjoe_ossuary_entry_dusty_tomb
D:6:      layout_rooms, serial_shops, shop, shop

Skill      XL: |  1  2  3  4  5  6  7  8 |
---------------+-------------------------+-----
Dodging        | 3 4 5 7 |  7.4
Fighting       | 2 3 4 5 |  5.8
Unarmed Combat | 4 5 6 |  6.6
Shapeshifting  | 5 6 7 9 |  9.6

Action                     |  1- 3 |  4- 6 |  7- 9 || total
---------------------------+-------+-------+-------++-------
  Melee: Unarmed           |    75 |   177 |   328 ||   580
         Punch             |     1 |     2 |     2 ||     5
         Tailslap          |       |     4 |       ||     4
 Invoke: Trog's Hand       |       |       |     1 ||     1
    Use: Scroll            |       |     7 |     2 ||     9
         Potion            |       |     5 |     7 ||    12
 Armour: Animal skin       |    11 |       |       ||    11
         Ring mail         |    22 |    13 |       ||    35
         Scale mail        |       |    69 |       ||    69
         Chain mail        |       |    63 |    57 ||   120
         Skin              |       |       |    79 ||    79
  Dodge: Dodged            |    40 |   121 |   211 ||   372
   Form: Flux              |       |       |     1 ||     1
         Beast             |       |       |     1 ||     1
